 Dungeon Crawl Stone Soup version 0.28-a0-804-g60983d4ba9 (webtiles) character file.

Game seed: 321383476768238053

1863 jasper the Gusty (level 8, -2/78 HPs)
             Began as a Demonspawn Air Elementalist on Nov 7, 2021.
             Was a Follower of Ashenzari.
             Slain by Joseph (5 damage)
             ... on level 7 of the Dungeon.
             The game lasted 00:12:09 (9323 turns).

jasper the Gusty (Demonspawn Air Elementalist)      Turns: 9323, Time: 00:12:09

Health: -2/78      AC:  7    Str:  9      XL:     8   Next: 90%
Magic:  4/16       EV: 12    Int: 17 (18) God:    Ashenzari [*.....]
Gold:   186        SH:  5    Dex: 14      Spells: 7/17 levels left

rFire   . . .      SeeInvis .   i - +4 short sword
rCold   + . .      Faith    .   t - +0 buckler "At What Cost Knowledge?" {Elem, Self} (curse)
rNeg    . . .      Spirit   .   a - +1 robe of Desmomancy {Alch, Evo} (curse)
rPois   .          Reflect  .   z - +0 helmet
rElec   .          Harm     .   (no cloak)
rCorr   .          Rampage  .   (no gloves)
Will    .....                   (no boots)
Stlth   ..........              q - amulet of the acrobat
HPRegen 0.23/turn               f - ring of protection from cold
MPRegen 0.15/turn               (no ring)

@: berserking, very slightly contaminated, very quick
A: hooves 1, thin metallic scales 2, powered by death 2
a: Renounce Religion, Shatter the Chains


You were on level 7 of the Dungeon.
You worshipped Ashenzari.
Ashenzari was aware of your devotion.
You visited 2 branches of the dungeon, and saw 8 of its levels.

You collected 271 gold pieces.
You spent 85 gold pieces at shops.

Inventory:

Hand Weapons
 c - a +0 whip
 i - a +4 short sword (weapon)
Missiles
 b - 152 stones
 k - 3 boomerangs
 A - 4 curare-tipped darts
Armour
 a - the cursed +1 robe of Desmomancy (worn) {Alch, Evo}

   It has a curse which improves the following skills: Alchemy: Poison Magic and
   Transmutations.
   Evocations: Evocations.
 e - a +0 kite shield
 t - the cursed +0 buckler "At What Cost Knowledge?" (worn) {Elem, Self}
   (You bought it in a shop on level 4 of the Dungeon)

   It has a curse which improves the following skills: Elements: Fire Magic, Ice
   Magic, Air Magic and Earth Magic.
   Introspection: Fighting and Spellcasting.
 z - a +0 helmet (worn)
Magical Staves
 r - a staff of fire
Jewellery
 f - a ring of protection from cold (left hand)
 q - an amulet of the acrobat (around neck)
Wands
 d - a wand of mindburst (12)
 h - a wand of iceblast (8)
 s - a wand of acid (7)
Scrolls
 l - a scroll of enchant weapon
 m - a scroll of vulnerability
 n - 5 scrolls of teleportation
 o - a scroll of identify
 p - a scroll of silence
 u - a scroll of noise
 v - a scroll of amnesia
 y - a scroll of enchant armour
Potions
 g - a potion of degeneration
 j - 3 potions of brilliance
 x - a potion of curing


   Skills:
 - Level 1.7 Dodging
 - Level 1.7 Stealth
 - Level 5.0 Shields
 + Level 4.4(5.4) Spellcasting
 + Level 6.3 Conjurations
 * Level 6.4(7.5) Air Magic


You had 7 spell levels left.
You knew the following spells:

 Your Spells              Type           Power      Damage    Failure   Level
a - Shock                 Conj/Air       100%       1d9       1%          1
b - Static Discharge      Conj/Air       28%        N/A       1%          2
c - Swiftness             Air            30%        N/A       1%          3
d - Airstrike             Air            15%        N/A       6%          4

Your spell library contained the following spells:

 Spells                   Type           Power      Damage    Failure   Level
 Foxfire                  Conj/Fire      60%        2x1d7     3%          1
 Corpse Rot               Necr/Air       34%        N/A       4%          2
 Poisonous Vapours        Pois/Air       34%        N/A       4%          2
 Conjure Flame            Conj/Fire      15%        6-21      11%         3
 Beastly Appendage        Tmut           10%        N/A       13%         1
 Slow                     Hex            16%        N/A       14%         1
 Wereblood                Tmut           5%         N/A       21%         2
 Spider Form              Tmut/Pois      5%         N/A       36%         3
 Flame Wave               Conj/Fire      15%        3d5       36%         4
 Confusing Touch          Hex            4%         N/A       38%         3
 Inner Flame              Hex/Fire       4%         N/A       38%         3
 Leda's Liquefaction      Hex/Erth       2%         N/A       80%         4
 Lee's Rapid Deconstruct  Erth           2%         3d6*      98%         5
 Yara's Violent Unravell  Hex/Tmut       2%         3d3       98%         5
 Statue Form              Tmut/Erth      3%         N/A       100%        6


Dungeon Overview and Level Annotations

Branches:
Dungeon (7/15)             Temple (1/1) D:4

Altars:
Ashenzari
Cheibriados
Dithmenos
Elyvilon
Fedhas
Hepliaklqana
Kikubaaqudgha
Makhleb
Nemelex Xobeh
Okawaru
Qazlal
Ru
Sif Muna
Trog
Uskayaw
Wu Jian
Xom
Yredelemnul
Zin
The Shining One

Shops:
D:4 ([*

Annotations:
D:3 1 runed translucent door, Leeroy's ghost, amateur DrTm
D:4 1 runed translucent door, Crazy Yiuf
D:7 Joseph


Innate Abilities, Weirdness & Mutations

You have large cloven feet.
You are mostly covered in thin metallic scales. (AC +3)
You regenerate health from kills.


Message History

Aim: Joseph, wielding a +0 quarterstaff, wearing a +0 ring mail and quivering sling bullets (empty space bonus: 7/8)
The air twists around and strikes Joseph!
Joseph is lightly wounded.
Joseph hits you but does no damage.
You now have 12/16 mp.
Casting: Airstrike (dangerous; 6% risk of failure)
Confirm with . or Enter, or press ? or * to list all spells.
Aiming: Airstrike (dangerous; 6% risk of failure)
Press: ? - help, Dir - move target, f/p - Joseph
Aim: Joseph, wielding a +0 quarterstaff, wearing a +0 ring mail and quivering sling bullets (lightly wounded, empty space bonus: 7/8)
You miscast Airstrike.
You are very lightly contaminated with residual magic.
Nothing appears to happen.
Joseph hits you with a +0 quarterstaff!!
* * * LOW HITPOINT WARNING * * *
You take 18 damage, and have 6/52 hp.
MASSIVE DAMAGE!!
You now have 8/16 mp.
Casting: Airstrike (dangerous; 6% risk of failure)
Confirm with . or Enter, or press ? or * to list all spells.
Aiming: Airstrike (dangerous; 6% risk of failure)
Press: ? - help, Dir - move target, f/p - Joseph
Aim: Joseph, wielding a +0 quarterstaff, wearing a +0 ring mail and quivering sling bullets (lightly wounded, empty space bonus: 7/8)
The air twists around and strikes Joseph!
Joseph is moderately wounded.
Joseph barely misses you.
You now have 4/16 mp.
A red film seems to cover your vision as you go berserk!
You feel yourself moving faster!
You feel mighty! Joseph hits you but does no damage.
You now have 10/78 hp.
You puncture Joseph!
Joseph is heavily wounded.
You puncture Joseph! Your kick misses Joseph.
Joseph is severely wounded.
Joseph hits you with a +0 quarterstaff!
* * * LOW HITPOINT WARNING * * *
You take 8 damage, and have 2/78 hp.
You closely miss Joseph.
Joseph is severely wounded.
Joseph hits you with a +0 quarterstaff.
You die...

#####................
.....................
......................
........................
........................
#.......................
#....)..................
......@@................
........................
#.......#..............#
...##..#####.#.....#..##
.. #... ###.##....##.##
. #... #...###........
....# #...##.........
.... # #..###.....##.
#.#..##..##..##.


You could see Joseph.

Vanquished Creatures
  Sigmund (D:5)
  Menkaure (D:5)
  2 water moccasins (D:5)
  2 sky beasts
  2 hornet zombies (D:7)
  An ogre (D:6)
  3 black bears (D:5)
  2 phantoms
  2 orc priests (D:5)
  A hound (D:6)
  A jelly (D:6)
  A centaur skeleton (D:5)
  5 iguanas
  3 orc wizards
  A hound skeleton (D:4)
  A howler monkey zombie (D:6)
  An adder (D:3)
  An ufetubus (D:6)
  An adder skeleton (D:5)
  A worm (D:5)
  2 dart slugs
  13 orcs
  4 endoplasms
  2 giant cockroaches
  5 goblins
  6 hobgoblins
  8 jackals
  9 kobolds
  3 quokkas
  8 ball pythons
  7 bats
  A frilled lizard (D:2)
  10 rats
111 creatures vanquished.

Vanquished Creatures (others)
  7 withered plants (D:5)
7 creatures vanquished.

Grand Total: 118 creatures vanquished

Notes
Turn   | Place    | Note
-------+----------+-------------------------------------------
     0 | D:1      | jasper the Demonspawn Air Elementalist began the quest for
                  | the Orb.
     0 | D:1      | Reached XP level 1. HP: 13/13 MP: 3/3
   342 | D:1      | Gained mutation: You are partially covered in thin metallic
                  | scales. (AC +2) [demonic ancestry]
   342 | D:1      | Reached XP level 2. HP: 19/19 MP: 0/5
   979 | D:1      | Found a faded altar of an unknown god.
  1280 | D:1      | Gained mutation: You have large cloven feet. [demonic
                  | ancestry]
  1280 | D:1      | Reached XP level 3. HP: 24/24 MP: 3/6
  1283 | D:1      | Learned a level 2 spell: Static Discharge
  1287 | D:1      | Learned a level 3 spell: Swiftness
  2902 | D:3      | HP: 1/24 [iguana (11)]
  2910 | D:3      | Gained mutation: You regenerate a little health from kills.
                  | [demonic ancestry]
  2910 | D:3      | Reached XP level 4. HP: 2/30 MP: 0/7
  3867 | D:3      | Found a runed translucent door.
  3868 | D:3      | Noticed Leeroy's ghost (amateur DrTm)
  4577 | D:4      | Gained mutation: You regenerate health from kills. [demonic
                  | ancestry]
  4577 | D:4      | Reached XP level 5. HP: 35/35 MP: 5/9
  4877 | D:4      | Found a runed translucent door.
  4878 | D:4      | Noticed Crazy Yiuf
  5140 | D:4      | Found Zamimiq's Antique Armour Boutique.
  5144 | D:4      | Bought a buckler for 85 gold pieces
  5258 | D:4      | Found Woagonop's General Store.
  5296 | D:4      | Found a staircase to the Ecumenical Temple.
  5408 | Temple   | Entered the Ecumenical Temple
  5616 | Temple   | Became a worshipper of Ashenzari the Shackled
  5691 | D:4      | Found Vuzulag's Antique Weapon Boutique.
  5805 | D:5      | Entered Level 5 of the Dungeon
  5805 | D:5      | Noticed Menkaure
  5805 | D:5      | Found an ornate altar of the Wu Jian Council.
  5809 | D:5      | Killed Menkaure
  5810 | D:5      | Gained mutation: You are mostly covered in thin metallic
                  | scales. (AC +3) [demonic ancestry]
  5810 | D:5      | Reached XP level 6. HP: 28/41 MP: 1/10
  5815 | D:5      | Learned a level 4 spell: Airstrike
  6174 | D:5      | Noticed a sky beast
  6510 | D:5      | Identified the +5 chain mail of Poor Excuses {Drain rF+ rC+
                  | Int+2}
  6518 | D:5      | Noticed a water moccasin
  6652 | D:5      | Noticed a water moccasin
  6661 | D:5      | Killed a water moccasin
  6662 | D:5      | Reached skill level 5 in Air Magic
  6662 | D:5      | Reached XP level 7. HP: 32/46 MP: 4/12
  6721 | D:5      | Reached skill level 5 in Conjurations
  7499 | D:5      | Found a bloodstained altar of Trog.
  7511 | D:5      | Reached XP level 8. HP: 50/52 MP: 9/14
  7547 | D:5      | Noticed Sigmund
  7563 | D:5      | Killed Sigmund
  7690 | D:5      | Found an ancient bone altar of Kikubaaqudgha.
  7945 | D:6      | Reached skill level 1 in Shields
  8053 | D:6      | Found a sacrificial altar of Ru.
  8823 | D:7      | Found a burning altar of Makhleb.
  9096 | D:7      | Reached skill level 5 in Shields
  9218 | D:7      | Reached * piety under Ashenzari
  9311 | D:7      | Noticed Joseph
  9322 | D:7      | HP: 2/78 [Joseph (8)]
  9323 | D:7      | Slain by Joseph

Illustrated notes

Levels and vault maps discovered:
D:1:      dpeg_arrival_arbitrary_a, layout_basic, ebering_ecumenical_altar_webs
D:2:      layout_basic, kennysheep_flooded_box
D:3:      minmay_diamond_boxcup, layout_basic, hellmonk_ghost_happy_afterlife,
          grunt_ministairs_2
D:4:      layout_loops_ring, minmay_temple_entry_statues_pillars, serial_shops,
          nicolae_shop_stone, shop, shop, uniq_crazy_yiuf_cottage
D:5:      layout_loops_cross, trog_ov_bears_minmay,
          nicolae_tso_carved_into_rock, mainiacjoe_overflow_catwalk,
          kiku_gazebo_garden_becter, uniq_menkaure, uniq_sigmund
D:6:      layout_basic, nicolae_overflow_hidden_temple
D:7:      layout_cave_pools, bloody_makhleb, grunt_decor_clamped, uniq_joseph
Temple:   nicolae_temple_figure_eight

Skill      XL: |  1  2  3  4  5  6  7  8 |
---------------+-------------------------+-----
Air Magic      | 3 4 5 6 |  6.4
Conjurations   | 2 3 4 5 6 |  6.3
Spellcasting   | 3 4 |  4.4
Shields        | 5 |  5.0
Dodging        | |  1.7
Stealth        | |  1.7

Action                   |  1- 3 |  4- 6 |  7- 9 || total
-------------------------+-------+-------+-------++-------
Melee: Unarmed           |    17 |       |       ||    17
       Whip              |     9 |    19 |       ||    28
       Short sword       |       |    14 |    19 ||    33
       Kick              |       |     7 |     2 ||     9
 Cast: Shock             |    82 |    85 |   114 ||   281
       Static Discharge  |       |    12 |    11 ||    23
       Airstrike         |       |     1 |     6 ||     7
Invok: Curse Item        |       |       |     2 ||     2
Evoke: Wand              |       |     1 |       ||     1
  Use: Scroll            |     6 |     3 |     4 ||    13
       Potion            |       |     3 |     5 ||     8
Armor: Robe              |    11 |    20 |    15 ||    46
Dodge: Dodged            |    43 |    34 |    23 ||   100
Block: Buckler           |       |       |     6 ||     6

Table legend: (Time is in decaauts)
 A = Elapsed time spent in this place.
 B = Non-inter-level travel time spent in this place.
 C = Inter-level travel time spent in this place.
 D = Time resting spent in this place.
 E = Time spent auto-exploring this place.
 F = Levels seen in this place.
 G = Mean time per level.
                   A        B        C        D        E       F      G
               +--------+--------+--------+--------+--------+-----+--------+
         Total |   9333 |   9138 |    195 |    992 |   7104 |   8 | 1166.6 |
       Dungeon |   9114 |   8928 |    186 |    992 |   6905 |   7 | 1302.0 |
        Temple |    218 |    209 |      9 |      0 |    199 |   1 |  218.0 |
               +--------+--------+--------+--------+--------+-----+--------+

Top non-repeatable levels by time:
     D:1: 1685 daAuts
     D:5: 1644 daAuts
     D:3: 1574 daAuts
     D:4: 1540 daAuts
     D:2: 1187 daAuts
     D:6: 1087 daAuts
     D:7: 395 daAuts
  Temple: 218 daAuts
